 Dungeon Crawl Stone Soup version 0.29.1-12-g30fa7ad0bf (webtiles) character file.

Game seed: 1749688994587227053

252 zeram the Cutter (level 5, -1/48 HPs)
             Began as a Troll Brigand on Dec 24, 2022.
             Slain by a gnoll
             ... wielding a +0 spear
              (3 damage)
             ... on level 4 of the Dungeon.
             The game lasted 00:05:33 (2058 turns).

zeram the Cutter (Troll Brigand)                    Turns: 2058, Time: 00:05:34

Health: -1/48      AC:  4    Str: 19    XL:     5   Next: 89%
Magic:  13/13      EV: 10    Int:  9    God:
Gold:   120        SH:  0    Dex: 11    Spells: 1/4 levels left

rFire   . . .      SeeInvis .   a - +2 dagger
rCold   . . .      Faith    .   (no shield)
rNeg    + . .      Spirit   .   b - +0 robe
rPois   .          Reflect  .   (helmet restricted)
rElec   .          Harm     .   f - scarf {repulsion}
rCorr   .          Rampage  .   (gloves unavailable)
Will    .....                   (boots unavailable)
Stlth   ++........              (no amulet)
HPRegen 0.96/turn               k - ring of magical power
MPRegen 0.13/turn               v - ring of positive energy

@: repel missiles
A: large, unfitting armour, claws 3, regeneration 1, shaggy fur 1, tough skin 1
a: no special abilities


You were on level 4 of the Dungeon.
You visited 1 branch of the dungeon, and saw 4 of its levels.

You collected 120 gold pieces.

Inventory:

Hand Weapons
 a - a +2 dagger (weapon)
Missiles
 d - 13 poisoned darts (quivered)
 e - 3 curare-tipped darts
Armour
 b - a +0 robe (worn)
 c - a +0 cloak
 f - a scarf of repulsion (worn)
Jewellery
 g - a ring of fire
 k - a ring of magical power (left claw)
 v - a ring of positive energy (right claw)
Wands
 t - a wand of digging (6)
Scrolls
 h - a scroll of blinking
Potions
 i - a potion of attraction
 j - 2 potions of invisibility
 l - a potion of haste {unknown}
 m - 2 potions of degeneration {unknown}
 n - a potion of magic {unknown}
 o - 2 potions of lignification {unknown}
 p - a potion of resistance {unknown}
 q - a potion of mutation {unknown}
 r - 2 potions of heal wounds {unknown}
 u - a potion of ambrosia {unknown}


   Skills:
 - Level 1.5 Fighting
 + Level 3.2 Short Blades
 - Level 1.7 Throwing
 + Level 2.8 Dodging
 + Level 3.0 Stealth


You had one spell level left.
You knew the following spells:

 Your Spells              Type           Power      Damage    Failure   Level
a - Swiftness             Air            0%         N/A       77%         3

Your spell library contained the following spells:

 Spells                   Type           Power      Damage    Failure   Level
 Shock                    Conj/Air       0%         1d3       38%         1
 Gell's Gravitas          Tloc           0%         N/A       77%         3
 Teleport Other           Tloc           0%         N/A       77%         3
 Airstrike                Air            0%         2d(0-16)  99%         4
 Dispersal                Tloc           0%         N/A       100%        6


Dungeon Overview and Level Annotations

Branches:
Dungeon (4/15)
 Temple: D:4-7

Altars:
Nemelex Xobeh

Shops:
D:2 [


Innate Abilities, Weirdness & Mutations

You are too large for most types of armour.
You have claws for hands.
Your natural rate of healing is unusually fast.
You are covered in fur. (AC +1)
You have tough skin. (AC +1)


Message History

The gnoll is moderately wounded.
The gnoll barely misses you. x2; The gnoll closely misses you.
The gnoll hits you with a +0 whip.
You closely miss the gnoll. You hit the gnoll.
The gnoll is lightly wounded.
The gnoll barely misses you.
You hit the gnoll.
The gnoll is moderately wounded.
The gnoll hits you with a +0 whip.
You hit the gnoll.
The gnoll is moderately wounded.
The gnoll hits you with a +0 whip. The gnoll barely misses you.
You hit the gnoll.
The gnoll is heavily wounded.
The gnoll barely misses you. The gnoll hits you with a +0 whip!
You hit the gnoll.
The gnoll is severely wounded.
The gnoll hits you with a +0 whip. The gnoll barely misses you.
You hit the gnoll.
The gnoll is almost dead.
You closely miss the gnoll.
The gnoll is almost dead.
The gnoll hits you with a +0 whip.
The gnoll hits you from afar with a +0 spear.
You hit the gnoll.
You kill the gnoll!
The gnoll hits you from afar with a +0 spear!
* * * LOW HITPOINT WARNING * * *
You barely miss the gnoll.
The gnoll is moderately wounded.
The gnoll hits you with a +0 club!
* * * LOW HITPOINT WARNING * * *
The gnoll barely misses you.
You hit the gnoll.
The gnoll is severely wounded.
The gnoll hits you with a +0 club.
* * * LOW HITPOINT WARNING * * *
The gnoll hits you from afar with a +0 spear.
You die...

#......#.................
#.##...#...............#
##.##.# #.....$.........#
......###...............#
#..##...##.............>#
..###.........)..w.)....#
### ##.###.#####.g...#.##
# #.##..# #g##.....# #
#.##.## #@# #.#..# #.##.
#.# .....# #.##. ...
w...## .# #.##. .....
.... .......... .......
.... ...... ###......
..#### #....... ....
##.###### .....


You could see a worm and 2 gnolls.

Vanquished Creatures
  A howler monkey (D:3)
  A jelly (D:3)
  A hound (D:4)
  Terence (D:2)
  2 gnolls (D:4)
  4 adders
  3 dart slugs
  An orc (D:3)
  3 bats
  6 endoplasms
  3 giant cockroaches
  5 goblins
  8 hobgoblins
  3 jackals (D:1)
  3 quokkas
  5 ball pythons
  7 frilled lizards
  9 kobolds
  4 rats
70 creatures vanquished.

Vanquished Creatures (others)
  2 plants (D:3)
2 creatures vanquished.

Grand Total: 72 creatures vanquished

Notes
Turn   | Place    | Note
-------+----------+-------------------------------------------
     0 | D:1      | zeram the Troll Brigand began the quest for the Orb.
     0 | D:1      | Reached XP level 1. HP: 19/19 MP: 0/0
    35 | D:1      | Reached XP level 2. HP: 7/27 MP: 1/1
    98 | D:1      | Reached skill level 1 in Dodging
   246 | D:1      | Found a faded altar of an unknown god.
   264 | D:1      | Reached XP level 3. HP: 33/33 MP: 2/2
  1035 | D:2      | Noticed Terence
  1060 | D:2      | Killed Terence
  1061 | D:2      | Reached XP level 4. HP: 12/41 MP: 3/3
  1104 | D:2      | Found Arewk's Antique Armour Boutique.
  1358 | D:3      | Found a sparkling altar of Nemelex Xobeh.
  1449 | D:3      | Reached XP level 5. HP: 11/48 MP: 4/4
  1458 | D:3      | Learned a level 3 spell: Swiftness
  1774 | D:3      | Identified the +7 hand axe of the Rattlesnake {antimagic,
                  | Str+2 Int+3}
  2058 | D:4      | HP: 2/48 [gnoll/+0 club (3)]
  2058 | D:4      | Slain by a gnoll

Illustrated notes

Levels and vault maps discovered:
D:1:      ncdulo_lavacross, layout_rooms, basic_ecumenical_altar, serial_forest,
          infiniplex_forest_straight_4, infiniplex_forest_straight_3,
          infiniplex_forest_straight_1, infiniplex_forest_clump_C,
          infiniplex_forest_lined_2, infiniplex_forest_straight_2,
          infiniplex_forest_lined_3, infiniplex_forest_lined_2,
          infiniplex_forest_end_3, infiniplex_forest_lined_room_2
D:2:      layout_loops_cross, serial_shops, shop_fountains, dk_vineyard_1,
          minmay_tromino_i4, uniq_terence
D:3:      layout_rooms, mainiacjoe_overflow_24_doors, minmay_misc_feat_five,
          serial_bayou_crossing
D:4:      layout_rooms, mainiacjoe_overflow_six_doors_small,
          amethyst_overflow_temple_binary, nicolae_ossuary_entry_monument

Skill      XL: |  1  2  3  4  5 |
---------------+----------------+-----
Dodging        | 1 2 |  2.8
Short Blades   | 2 3 |  3.2
Stealth        | 3 |  3.0
Fighting       | |  1.5
Throwing       | |  1.7

Action                   |  1- 3 |  4- 6 || total
-------------------------+-------+-------++-------
Melee: Dagger            |   163 |   138 ||   301
  Use: Scroll            |     3 |     5 ||     8
 Stab: Sleeping          |     5 |     1 ||     6
Armor: Robe              |    69 |    36 ||   105
Dodge: Dodged            |    96 |    62 ||   158
